[Event "NJSK 2026 Jeugd A"]
[Site "Helmond, Netherlands"]
[Date "2026.04.25"]
[Round "1.1"]
[White "Kshirsagar, Pranav"]
[Black "Ten Dam, Bram"]
[Result "0-1"]
[TimeControl "90min/40moves + 30min + 30sec/move"]
[WhiteTitle "-"]
[BlackTitle "-"]
[WhiteFideId "1084011"]
[BlackFideId "40104877"]
[WhiteElo "2148"]
[BlackElo "2363"]

1. d4 Nf6 2. c4 e6 3. Nf3 b6 4. g3 Bb7 5. Bg2 Be7 6. O-O O-O 7. Nc3 Ne4 8. Qc2 Nxc3 9. bxc3 f5 10.
Ne5 Qc8 11. Re1 d6 12. Nd3 Bxg2 13. Kxg2 Nd7 14. f3 e5 15. e4 fxe4 16. fxe4 Qb7 17. Qe2 Rf7 18. Bb2 Re8 19. Rf1 Bf6 20.
Rae1 Rfe7 21. Nf2 a5 22. Kg1 Re6 23. d5 R6e7 24. Ng4 Rf8 25. Rf2 Ref7 26. Ref1 Qc8 27. Bc1 Qd8 28. Rf5 Be7 29.
Rxf7 Rxf7 30. Rxf7 Kxf7 31. Qf3+ Kg8 32. Be3 Nf8 33. Qf5 Qe8 34. Bg5 Bxg5 35. Qxg5 Qg6 36. Qxg6 Nxg6 37. Kg2 Nf8 38. Nf2 Nd7 39. Nd3 Kf7 40. Kf3 g5 41. h3 h5 42.
a4 Kg6 43. h4 Kf6 44. Ke3 Nf8 45. Ne1 Kg6 46. Kf3 Nh7 47. Nd3 Kf7 48. Ke3 Ke7 49. Kf3 Kd7 50. Ke3 gxh4 51. gxh4 Nf8 52.
Kf3 Ng6 53. Kg3 c6 54. Nb2 Kc7 55. Nd3 Kb7 56. Nb2 Kb8 57. Nd3 Kc7 58. Nb2 Nf4 59. Kf3 Kb7 60. Kf2 Ka6 61. Kf3 cxd5 62.
exd5 Ng6 63. Kg3 Ne7 64. Nd3 Nf5+ 65. Kf3 Nxh4+ 66. Ke4 Kb7 67. Nf2 Kc7 68. Nh1 Ng6 69. Ng3 h4 70. Ne2 h3 71.
Kf3 Nf4 72. Ng3 Nd3 73. Kg4 Nb2 74. Kxh3 Nxa4 75. Kg2 Nxc3 76. Nf1 a4 77. Nd2 a3 78. Kf3 Nd1 79. Ke2 Nb2 0-1

[Event "NJSK 2026 Jeugd A"]
[Site "Helmond, Netherlands"]
[Date "2026.04.25"]
[Round "1.2"]
[White "Arnold, Rhys"]
[Black "Dinanath, Hrdya"]
[Result "0-1"]
[TimeControl "90min/40moves + 30min + 30sec/move"]
[WhiteTitle "-"]
[BlackTitle "-"]
[WhiteFideId "1068849"]
[BlackFideId "1087991"]
[WhiteElo "2315"]
[BlackElo "2107"]

1. e4 c5 2. Nf3 d6 3. d4 cxd4 4.
Nxd4 Nf6 5. Nc3 a6 6. f3 e5 7. Nb3 Be7 8. Be3 Be6 9. Qd2 h5 10. Nd5 Nxd5 11. exd5 Bf5 12. Be2 Nd7 13.
O-O O-O 14. f4 exf4 15. Bxf4 Bg6 16. Kh1 Nf6 17. Bd3 Nxd5 18. Bxg6 Nxf4 19. Qxf4 fxg6 20. Qe4 Bf6 21. Rab1 Qe8 22.
Qxb7 Qb5 23. Qe4 Kh7 24. c4 Rae8 25. Qd3 Qe5 26. Nd2 Qe2 27. Qxe2 Rxe2 28. Rbd1 Rfe8 29. b3 R8e3 30. h3 Rg3 31.
Rg1 Be5 32. Nf1 Rc3 33. Rd2 Re1 34. Nh2 Rcc1 35. Nf3 Rxg1+ 36. Nxg1 Bg3 37. Re2 h4 38. Rd2 Kg8 39. Re2 Kf7 40.
Rd2 Ke6 41. Re2+ Kd7 42. Rd2 Kc6 43. b4 Rxc4 44. Ne2 Rxb4 45. Rd1 Rb2 46. Rc1+ Kd7 47. Nc3 Bf4 48. Rf1 Be5 49. Rc1 Bxc3 50.
Rxc3 Rxa2 51. Rc4 g5 52. Kg1 Ra5 53. Kf2 Rc5 54. Rb4 Kc6 55. Rb8 a5 56. Ke3 a4 57. Kd4 Ra5 58. Rc8+ Kd7 59.
Rc2 a3 60. Ra2 Kc6 61. Kc4 Ra7 62. Kd4 0-1

[Event "NJSK 2026 Jeugd A"]
[Site "Helmond, Netherlands"]
[Date "2026.04.25"]
[Round "1.3"]
[White "Garay, Enzo"]
[Black "Smeets, Kobe"]
[Result "0-1"]
[TimeControl "90min/40moves + 30min + 30sec/move"]
[WhiteTitle "-"]
[BlackTitle "-"]
[WhiteFideId "40104125"]
[BlackFideId "1063910"]
[WhiteElo "2098"]
[BlackElo "2315"]

1. e4 c5 2. Nf3 e6 3. d4 cxd4 4. Nxd4 Nc6 5. Nc3 a6 6. Be3 Nf6 7. Qf3 h5 8. O-O-O Ng4 9. Nxc6 bxc6 10.
Bf4 e5 11. Be3 Nxe3 12. Qxe3 Be7 13. h4 Bxh4 14. g3 Bf6 15. Bc4 d6 16. Qd3 Ke7 17. f4 Bg4 18. Rdf1 Qa5 19. Nd1 Rab8 20.
c3 Qb6 21. Rh2 h4 22. Rd2 Rbd8 23. Ne3 Bh3 24. Rg1 hxg3 25. Rxg3 exf4 26. Rxh3 fxe3 27. Rxe3 Bg5 28. Qf1 Rh1 0-1

[Event "NJSK 2026 Jeugd A"]
[Site "Helmond, Netherlands"]
[Date "2026.04.25"]
[Round "1.4"]
[White "Zhu, Chenwu"]
[Black "Van Arendonk, Polle"]
[Result "1-0"]
[TimeControl "90min/40moves + 30min + 30sec/move"]
[WhiteTitle "-"]
[BlackTitle "-"]
[WhiteFideId "1080687"]
[BlackFideId "1072048"]
[WhiteElo "2282"]
[BlackElo "2060"]

1. e4 e5 2. Nf3 Nc6 3. Bb5 a6 4. Ba4 Nf6 5. O-O Be7 6. Re1 b5 7. Bb3 d6 8. a4 Bd7 9. c3 O-O 10.
d4 h6 11. Nbd2 exd4 12. cxd4 Nb4 13. Nf1 c5 14. d5 bxa4 15. Bxa4 Bxa4 16. Rxa4 Nd7 17. Ne3 Nb6 18. Ra3 Bf6 19.
Nd2 Qe7 20. Nf5 Qd7 21. Rg3 Kh7 22. Qh5 Na2 23. e5 Rae8 24. exf6 Rxe1+ 25. Nf1 1-0

[Event "NJSK 2026 Jeugd A"]
[Site "Helmond, Netherlands"]
[Date "2026.04.25"]
[Round "1.5"]
[White "Heus, Daan"]
[Black "Kazarjan, Gachatur"]
[Result "0-1"]
[TimeControl "90min/40moves + 30min + 30sec/move"]
[WhiteTitle "-"]
[BlackTitle "-"]
[WhiteFideId "40103757"]
[BlackFideId "1068750"]
[WhiteElo "2049"]
[BlackElo "2272"]

1. e4 c5 2. Nf3 d6 3. Bb5+ Nd7 4. d4 cxd4 5. Nxd4 Ngf6 6. O-O a6 7. Bd3 g6 8. c4 Bg7 9. Nc3 O-O 10.
Be2 Nc5 11. f3 Ne6 12. Nc2 Bd7 13. Be3 Rc8 14. Rc1 a5 15. Qd2 Bc6 16. Rfd1 Nd7 17. b3 b6 18. Nd5 Nec5 19. Nd4 Bb7 20.
Bg5 f6 21. Bh6 Bxh6 22. Qxh6 Ne5 23. Qh3 Nf7 24. Ne6 Nxe6 25. Qxe6 Re8 26. c5 Bxd5 27. Rxd5 Rxc5 28. Bc4 Rf8 29. Rcd1 Kg7 30. f4 Qc7 31.
h4 b5 32. Be2 Qa7 33. Kf1 Rc2 34. R5d2 Rxd2 35. Rxd2 Qe3 36. Rd3 Qc1+ 37. Bd1 Qxf4+ 38. Rf3 Qxh4 39. Qxe7 Qh1+ 40. Ke2 Qxg2+ 41. Rf2 Qg5 42. b4 a4 43. Qd7 Rd8 44. Qe6 d5 0-1

[Event "NJSK 2026 Jeugd A"]
[Site "Helmond, Netherlands"]
[Date "2026.04.25"]
[Round "1.6"]
[White "Terlouw, Wouter"]
[Black "Fallaux, Storm"]
[Result "1-0"]
[TimeControl "90min/40moves + 30min + 30sec/move"]
[WhiteTitle "-"]
[BlackTitle "-"]
[WhiteFideId "1087401"]
[BlackFideId "1073095"]
[WhiteElo "2272"]
[BlackElo "2034"]

1. d4 d5 2. Nf3 Nf6 3. c4 dxc4 4. e3 e6 5. Bxc4 c5 6. O-O a6 7. a4 Nc6 8. Nc3 Be7 9. Ne5 cxd4 10.
Nxc6 bxc6 11. exd4 O-O 12. Be3 Qa5 13. Bd3 c5 14. dxc5 Bxc5 15. Ne4 Be7 16. Bg5 Qd8 17. Qf3 Nd5 18.
Bd2 Bb7 19. Qh5 f5 20. Ng5 Bxg5 21. Bxg5 Qd7 22. Rfe1 h6 23. Bd2 Nf6 24. Qe2 Rfd8 25. Ra3 Ne4 26. Ba5 Re8 27. Bxe4 Bxe4 28. Rg3 Qxa4 29. Bc3 Re7 30.
Qh5 f4 31. Rg4 Bf5 32. Qh4 Qd7 33. Rxf4 Rf7 34. Rf3 Rc8 35. Rg3 Kh7 36. h3 Rc5 37. Kh2 Rd5 38. Ra1 Qa7 39. Ra4 Rd3 40.
Rxd3 Bxd3 41. Rg4 Bf5 42. Rg3 Qc7 43. Qa4 Qb6 44. Bd4 Qb5 45. Qa3 Qc4 46. Qe3 Qd5 47. Qc3 Qb7 48. b4 Qc7 49.
Qa1 Qb7 50. Bc5 Be4 51. Qe5 Qd5 52. Qb2 Qb7 53. Qe2 Rd7 54. Re3 Bd5 55. Qc2+ g6 56. Rg3 Be4 57. Qe2 Rf7 58. Bd4 Bf5 59.
Qe5 Qa8 60. h4 Qd8 61. h5 Rd7 62. hxg6+ Bxg6 63. Bb2 Qe8 64. f4 Re7 65. Rxg6 Kxg6 66. Qe4+ Kh5 67. Kh3 Qg8 68. f5 exf5 69. Qh4+ Kg6 70.
Qf6+ Kh5 71. Qxf5+ 1-0

[Event "NJSK 2026 Jeugd A"]
[Site "Helmond, Netherlands"]
[Date "2026.04.25"]
[Round "1.7"]
[White "Ponomarev, Ivan"]
[Black "Madularea, David"]
[Result "0-1"]
[TimeControl "90min/40moves + 30min + 30sec/move"]
[WhiteTitle "-"]
[BlackTitle "-"]
[WhiteFideId "34411003"]
[BlackFideId "1070215"]
[WhiteElo "1983"]
[BlackElo "2261"]

1. c4 e6 2. g3 d5 3. Bg2 Nf6 4. Nf3 dxc4 5. Qa4+ Nbd7 6. Qxc4 c5 7. d4 a6 8. Qc2 b5 9. dxc5 Nxc5 10.
b4 Ncd7 11. a3 Bb7 12. O-O Rc8 13. Nc3 Be7 14. Bb2 O-O 15. Rac1 Nb6 16. Rfd1 Qc7 17. Qb1 Nc4 18. Nd2 Nxb2 19.
Qxb2 Bxg2 20. Kxg2 Qb7+ 21. Kg1 Rc7 22. Nf3 Rfc8 23. Na2 Nd5 24. Rxc7 Rxc7 25. Rc1 Nb6 26. Rxc7 Qxc7 27. Nd2 h5 28.
Qc3 Qd6 29. Qd3 Qc6 30. Nc3 Nd7 31. Nce4 f5 32. Nc3 Ne5 33. Qe3 Bf6 34. Ncb1 h4 35. Qb3 h3 36. f3 Qc1+ 37. Nf1 Nc4 38.
e3 Bd8 39. Qd3 Bb6 40. Kh1 Ne5 0-1

[Event "NJSK 2026 Jeugd A"]
[Site "Helmond, Netherlands"]
[Date "2026.04.25"]
[Round "1.8"]
[White "Ritzerveld, Noah"]
[Black "Ten Kate, Gustav"]
[Result "1-0"]
[TimeControl "90min/40moves + 30min + 30sec/move"]
[WhiteTitle "-"]
[BlackTitle "-"]
[WhiteFideId "1085760"]
[BlackFideId "1095781"]
[WhiteElo "2205"]
[BlackElo "1972"]

1. e4 Nf6 2. e5 Nd5 3. d4 d6 4. c4 Nb6 5. exd6 cxd6 6. Nf3 g6 7. h3 Bg7 8. Be2 O-O 9. O-O Nc6 10.
Nc3 Bf5 11. d5 Na5 12. Nd4 Bd7 13. b3 Rc8 14. Bg5 a6 15. Qd2 Naxc4 16. bxc4 Nxc4 17. Bxc4 Rxc4 18. Nce2 Qb6 19. Rab1 Qc5 20.
Rxb7 Bxd4 21. Rxd7 Bf6 22. Bxf6 exf6 23.
Rc1 Re8 24. Rxc4 Qxc4 25. Ng3 Qc5 26. Kh2 Kg7 27. Qf4 1-0

[Event "NJSK 2026 Jeugd A"]
[Site "Helmond, Netherlands"]
[Date "2026.04.25"]
[Round "1.9"]
[White "Xu, Alex Z"]
[Black "Krylov, Philippe"]
[Result "0-1"]
[TimeControl "90min/40moves + 30min + 30sec/move"]
[WhiteTitle "-"]
[BlackTitle "-"]
[WhiteFideId "40114775"]
[BlackFideId "1082930"]
[WhiteElo "1965"]
[BlackElo "2183"]

1. e4 e6 2. d4 d5 3. Nd2 Be7 4. Bd3 c5 5. dxc5 Nf6 6. Qe2 Bxc5 7. exd5 Qxd5 8. Ngf3 Nc6 9. Nb3 Be7 10.
Bf4 Nb4 11. Bb5+ Bd7 12. Bxd7+ Qxd7 13. Rd1 Qa4 14. Rd4 Qa6 15. Qxa6 Nxa6 16. Ke2 Nd5 17. Bg3 Rc8 18. c3 Bf6 19.
Be5 Bxe5 20. Nxe5 f6 21. Nc4 Ke7 22. Rhd1 Rhd8 23. Ne3 Nxe3 24. Kxe3 Nc7 25. Rxd8 Rxd8 26. Rxd8 Kxd8 27. Nd4 Kd7 28.
c4 e5 29. Nf5 g6 30. Ng3 f5 31. Ne2 Ke6 32. Nc3 g5 33. g3 h5 34. b4 Ne8 35. Na4 Nd6 36. Nc5+ Kf6 37. Nd7+ Ke6 38.
Nc5+ Ke7 39. Kd3 b6 40. Nb3 Ke6 41. a4 Nb7 42. h3 Kd6 43. Nd2 a5 44. c5+ bxc5 45. Nc4+ Kd5 46. bxa5 e4+ 47.
Kc3 Nd6 48. Nxd6 Kxd6 49. Kc4 Kc6 50. a6 f4 51. gxf4 gxf4 52.
a5 f3 0-1

[Event "NJSK 2026 Jeugd A"]
[Site "Helmond, Netherlands"]
[Date "2026.04.26"]
[Round "2.1"]
[White "Ten Dam, Bram"]
[Black "Terlouw, Wouter"]
[Result "1/2-1/2"]
[TimeControl "90min/40moves + 30min + 30sec/move"]
[WhiteTitle "-"]
[BlackTitle "-"]
[WhiteFideId "40104877"]
[BlackFideId "1087401"]
[WhiteElo "2363"]
[BlackElo "2272"]

1. e4 c5 2. Nf3 Nc6 3. d4 cxd4 4.
Nxd4 e5 5. Nb5 d6 6. N1c3 a6 7. Na3 Be6 8. Nc4 Rb8 9. Ne3 Nf6 10. g3 h5 11. h4 g6 12. Bg2 Bh6 13. Ncd5 Bxd5 14.
Nxd5 Bxc1 15. Nxf6+ Qxf6 16. Rxc1 O-O 17. O-O b5 18. c3 Rfc8 19. Qd3 Na5 20. Rfd1 Rb6 21. Qd5 Kg7 22. b3 Rbc6 23.
Qd2 Nb7 24. b4 Nd8 25. Qe3 Ne6 26. Bh3 Rd8 27. Rd3 1/2-1/2

[Event "NJSK 2026 Jeugd A"]
[Site "Helmond, Netherlands"]
[Date "2026.04.26"]
[Round "2.2"]
[White "Smeets, Kobe"]
[Black "Madularea, David"]
[Result "1-0"]
[TimeControl "90min/40moves + 30min + 30sec/move"]
[WhiteTitle "-"]
[BlackTitle "-"]
[WhiteFideId "1063910"]
[BlackFideId "1070215"]
[WhiteElo "2315"]
[BlackElo "2261"]

1. e4 e5 2. Nf3 Nc6 3. Bb5 a6 4. Ba4 Nf6 5. O-O Be7 6. d3 b5 7. Bb3 d6 8. Bd2 Bg4 9. c3 Na5 10.
Bc2 c5 11. h3 Bh5 12. Re1 O-O 13. Qe2 Re8 14. a4 b4 15. cxb4 Nc6 16. g4 Nxg4 17. hxg4 Bxg4 18. Be3 Bf8 19.
Nbd2 Qf6 20. Kg2 d5 21. bxc5 d4 22. Bg5 Qg6 23. Bh4 Bxf3+ 24. Kxf3 f5 25. exf5 e4+ 26. Qxe4 Ne5+ 27. Ke2 Qh6 28.
Kd1 Nf7 29. Qg4 Rxe1+ 30. Kxe1 Ne5 31. Qe4 Re8 32. Bb3+ Kh8 33. Kd1 Nc4 34. Bxc4 Rxe4 35. Nxe4 Qxh4 36. Kc2 a5 37. b4 h5 38.
b5 Bxc5 39. Nxc5 Qxf2+ 40. Kb3 Qxf5 41. Ne6 Qe5 42. Rb1 h4 43. b6 h3 44. b7 h2 45. Nc5 Qd6 46. Ka2 Kh7 47. Nd7 1-0

[Event "NJSK 2026 Jeugd A"]
[Site "Helmond, Netherlands"]
[Date "2026.04.26"]
[Round "2.3"]
[White "Krylov, Philippe"]
[Black "Zhu, Chenwu"]
[Result "1-0"]
[TimeControl "90min/40moves + 30min + 30sec/move"]
[WhiteTitle "-"]
[BlackTitle "-"]
[WhiteFideId "1082930"]
[BlackFideId "1080687"]
[WhiteElo "2183"]
[BlackElo "2282"]

1. d4 Nf6 2. c4 e6 3. Nf3 b6 4. a3 Bb7 5. Nc3 d5 6. Bg5 Be7 7. Qa4+ Qd7 8. Qc2 O-O 9. e3 h6 10.
Bxf6 Bxf6 11. cxd5 exd5 12. Be2 Na6 13. O-O Rfd8 14. Rfd1 g6 15. Rac1 Bg7 16. b4 c6 17. b5 cxb5 18.
Nxb5 Rdc8 19. Qb3 Rxc1 20. Rxc1 Rc8 21. Rxc8+ Bxc8 22. Qc2 Bf8 23. Nxa7 Qxa7 24. Qxc8 Nc7 25. Ne5 Ne6 26. Qd7 Qc7 27.
a4 Bb4 28. Qxd5 Bd6 29. Nf3 Qc1+ 30. Bf1 Qa3 31. g3 Kg7 32. Qc6 Qb4 33. Qb5 Qa3 34. Qxb6 g5 35. d5 Nc7 36. Nd4 Kg8 37.
Nf5 Be5 38. Qxh6 Nxd5 39. Qxg5+ Kh7 40. Qh5+ 1-0

[Event "NJSK 2026 Jeugd A"]
[Site "Helmond, Netherlands"]
[Date "2026.04.26"]
[Round "2.4"]
[White "Kazarjan, Gachatur"]
[Black "Ritzerveld, Noah"]
[Result "0-1"]
[TimeControl "90min/40moves + 30min + 30sec/move"]
[WhiteTitle "-"]
[BlackTitle "-"]
[WhiteFideId "1068750"]
[BlackFideId "1085760"]
[WhiteElo "2272"]
[BlackElo "2205"]

1. e4 e5 2. Nf3 Nc6 3. Bc4 Nf6 4. d3 Bc5 5. a4 d6 6. a5 a6 7. O-O h6 8. c3 O-O 9. h3 Ba7 10.
Re1 Re8 11. Nbd2 Be6 12. Bxe6 Rxe6 13. Nf1 d5 14. Qc2 Qd7 15. Ng3 Rd8 16. Qb3 Qc8 17. Nf5 Kh7 18. Qc2 dxe4 19. dxe4 Qd7 20.
Be3 Qd3 21. Qb3 Bxe3 22. Rxe3 Qb5 23. Qa2 g6 24. Ng3 Kg7 25. b4 Ne7 26. Rb1 Qe8 27. Qc4 Rc6 28. Qb3 Nc8 29. Qc2 Nd6 30.
Nd2 Nb5 31. Qb2 Rcd6 32. Nb3 Qc6 33. Rc1 Qc4 34. Nc5 b6 35. Qb3 Qxb3 36. Nxb3 Rd1+ 37. Rxd1 Rxd1+ 38. Kh2 Nd6 39. f3 Nc4 40.
Re2 Rb1 41. Nd2 Nxd2 42. Rxd2 bxa5 43.
Ra2 axb4 44. cxb4 Rxb4 45. Rxa6 Ne8 46. Nf1 Rb3 47. Rc6 f6 48. Nd2 Rd3 49. Nb1 Rd6 50. Rc5 Kf7 51. Na3 Ra6 52.
Nc2 Ke6 53. Kg3 f5 54. Nb4 Rd6 55. f4 exf4+ 56. Kxf4 Rd4 57. Re5+ Kd6 58. Rd5+ Rxd5 59. Nxd5 fxe4 60. Kxe4 c6 61.
Nf4 Nf6+ 62. Kd4 c5+ 63. Kc4 g5 64. Nd3 Ne4 65. Ne1 Ke5 66. Nd3+ Kf5 67. Kd5 Nf6+ 68. Kxc5 Ke4 69. Kc4 Ke3 70.
Ne5 Kf2 71. Nf7 Ng8 72. Kd4 Kxg2 73. Ke4 Kxh3 74. Ne5 g4 75. Ke3 g3 76. Nf3 Nf6 77. Ne1 Ng4+ 78. Kf3 Ne5+ 79. Ke2 Kh2 80.
Kf1 h5 81. Ng2 Nf3 82. Nf4 Nd2+ 0-1

[Event "NJSK 2026 Jeugd A"]
[Site "Helmond, Netherlands"]
[Date "2026.04.26"]
[Round "2.5"]
[White "Dinanath, Hrdya"]
[Black "Kshirsagar, Pranav"]
[Result "1/2-1/2"]
[TimeControl "90min/40moves + 30min + 30sec/move"]
[WhiteTitle "-"]
[BlackTitle "-"]
[WhiteFideId "1087991"]
[BlackFideId "1084011"]
[WhiteElo "2107"]
[BlackElo "2148"]

1. e4 c6 2. d4 d5 3. Nd2 dxe4 4. Nxe4 Nf6 5. Nxf6+ exf6 6. c3 Bd6 7. Bd3 O-O 8. Qc2 Re8+ 9.
Ne2 h5 10. O-O h4 11. h3 Nd7 12. Be3 Nf8 13. Rad1 Be6 14. c4 Ng6 15. d5 cxd5 16. cxd5 Rc8 17. Qb1 Bd7 18. Bxg6 fxg6 19.
Nd4 Kf7 20. Ne6 Bxe6 21. dxe6+ Rxe6 22. Qd3 a6 23. Bf4 Rc6 24. Rfe1 Bc7 25. Qb3 Qe7 26. Rxe6 Rxe6 27. Bxc7 Qxc7 28.
Re1 Qd7 29. Rxe6 Qxe6 30. Qxb7+ Kg8 31. Qb8+ Kf7 32. Qb7+ Kg8 33. Qb8+ Kf7 1/2-1/2

[Event "NJSK 2026 Jeugd A"]
[Site "Helmond, Netherlands"]
[Date "2026.04.26"]
[Round "2.6"]
[White "Fallaux, Storm"]
[Black "Arnold, Rhys"]
[Result "1/2-1/2"]
[TimeControl "90min/40moves + 30min + 30sec/move"]
[WhiteTitle "-"]
[BlackTitle "-"]
[WhiteFideId "1073095"]
[BlackFideId "1068849"]
[WhiteElo "2034"]
[BlackElo "2315"]

1. e4 c5 2. Nf3 d6 3. d4 cxd4 4. Nxd4 Nf6 5. Bd3 Nc6 6. Ne2 g6 7. c4 Bg7 8. Nbc3 O-O 9. O-O Ne5 10.
b3 b5 11. cxb5 a6 12. Bb2 Nxd3 13. Qxd3 Nd7 14. Qd2 Bb7 15. bxa6 Bxa6 16. Nd5 Bxb2 17. Qxb2 Ne5 18. Rfd1 Rb8 19.
Qd2 Rc8 20. Nd4 Bb7 21. Rac1 Rxc1 22. Rxc1 e6 23. Nc3 d5 24. exd5 Bxd5 25. Nxd5 Qxd5 26. Qc3 Rd8 27. Nf3 Nxf3+ 28. Qxf3 1/2-1/2

[Event "NJSK 2026 Jeugd A"]
[Site "Helmond, Netherlands"]
[Date "2026.04.26"]
[Round "2.7"]
[White "Ponomarev, Ivan"]
[Black "Garay, Enzo"]
[Result "1-0"]
[TimeControl "90min/40moves + 30min + 30sec/move"]
[WhiteTitle "-"]
[BlackTitle "-"]
[WhiteFideId "34411003"]
[BlackFideId "40104125"]
[WhiteElo "1983"]
[BlackElo "2098"]

1. c4 e6 2. g3 Nf6 3. Bg2 d5 4.
Nf3 dxc4 5. Qa4+ Nbd7 6. Qxc4 c5 7. d3 a6 8. Qb3 Ra7 9. a4 b6 10. O-O Bb7 11. Nbd2 Be7 12. Nc4 O-O 13.
Rd1 Bd5 14. Qc2 Qa8 15. Bg5 Rc8 16. e4 Bc6 17. Nfe5 Nxe5 18. Nxe5 Be8 19. Nc4 Qb8 20. a5 b5 21. Nb6 Rd8 22.
Be3 Qe5 23. f4 Qh5 24. h3 Qg6 25. g4 Nd7 26. b4 e5 27. Nd5 Bf8 28. bxc5 Rc8 29. fxe5 Nxe5 30. d4 Nc4 31. Bf2 Bc6 32.
Nb6 Re8 33. d5 Bb7 34. c6 Bxc6 35. Nxc4 Bxd5 36. Rxd5 Rc7 37. Ne5 1-0

[Event "NJSK 2026 Jeugd A"]
[Site "Helmond, Netherlands"]
[Date "2026.04.26"]
[Round "2.8"]
[White "Van Arendonk, Polle"]
[Black "Xu, Alex Z"]
[Result "1-0"]
[TimeControl "90min/40moves + 30min + 30sec/move"]
[WhiteTitle "-"]
[BlackTitle "-"]
[WhiteFideId "1072048"]
[BlackFideId "40114775"]
[WhiteElo "2060"]
[BlackElo "1965"]

1. e4 c5 2. Nf3 d6 3. d4 cxd4 4. Nxd4 Nf6 5. Nc3 a6 6. Be3 e5 7. Nb3 Be6 8. f3 h5 9. Qd2 Nbd7 10.
Nd5 Bxd5 11. exd5 g6 12. Be2 Bg7 13. Na5 Qc7 14. O-O b6 15. Nc4 O-O 16. a4 Rac8 17. Na3 Qb7 18. Rfd1 Rfe8 19.
Nc4 Bf8 20. Ra3 e4 21. Rb3 exf3 22. gxf3 Nc5 23. Rxb6 Qc7 24. Rc6 Qb8 25. b4 Rxc6 26. dxc6 Nxa4 27. Ra1 d5 28. Rxa4 dxc4 29.
Bxc4 Qe5 30. Bf4 Qf5 31. c7 Nd7 32. Ra5 Qh3 33. Qg2 Qxg2+ 34. Kxg2 Bxb4 35. Rd5 Nb6 36. Rd8 Kf8 37. Bxa6 1-0

[Event "NJSK 2026 Jeugd A"]
[Site "Helmond, Netherlands"]
[Date "2026.04.26"]
[Round "2.9"]
[White "Ten Kate, Gustav"]
[Black "Heus, Daan"]
[Result "1/2-1/2"]
[TimeControl "90min/40moves + 30min + 30sec/move"]
[WhiteTitle "-"]
[BlackTitle "-"]
[WhiteFideId "1095781"]
[BlackFideId "40103757"]
[WhiteElo "1972"]
[BlackElo "2049"]

1. e4 e5 2. Nf3 Nc6 3. Bb5 a6 4. Ba4 Nf6 5. O-O b5 6. Bb3 Bc5 7. c3 d6 8. d4 Bb6 9. Be3 O-O 10.
Nbd2 h6 11. h3 Bb7 12. d5 Ne7 13. Bxb6 cxb6 14. a4 bxa4 15. Bxa4 b5 16. Bc2 Ng6 17. Re1 Nf4 18. Re3 Kh8 19.
Bd3 Nxd3 20. Rxd3 Nxe4 21. Nxe4 f5 22. Nxe5 dxe5 23. Nc5 Qc8 24. b4 Rd8 25. d6 Qc6 26. Nxb7 Qxb7 27. Qh5 Qd7 28. Rd5 Qe6 29. Rad1 Rd7 30. Qe2 e4 31. Qe3 Re8 32.
R1d2 Kg8 33. R2d4 Kh8 34. Rc5 Rxd6 35. Rxd6 Qxd6 36. Rxf5 Qd1+ 37. Kh2 Qd6+ 38. Qg3 Qe6 39. Rc5 Qf6 40.
Qe3 Qd6+ 41. Qg3 Qf6 42. Qe3 1/2-1/2

[Event "NJSK 2026 Jeugd A"]
[Site "Helmond, Netherlands"]
[Date "2026.04.27"]
[Round "3.1"]
[White "Ritzerveld, Noah"]
[Black "Smeets, Kobe"]
[Result "1-0"]
[TimeControl "90min/40moves + 30min + 30sec/move"]
[WhiteTitle "-"]
[BlackTitle "-"]
[WhiteFideId "1085760"]
[BlackFideId "1063910"]
[WhiteElo "2205"]
[BlackElo "2315"]

1. e4 e5 2. Nf3 Nc6 3. Bb5 a6 4. Ba4 Nge7 5. O-O Ng6 6. d4 exd4 7. Nxd4 Nxd4 8. Qxd4 b5 9. Bb3 Bb7 10.
Rd1 Qe7 11. c4 Qd6 12. Qxd6 Bxd6 13. cxb5 axb5 14. Nc3 b4 15. Nd5 Ne7 16. Nb6 Ra6 17. Nc4 Bc5 18. Ne5 Rf6 19. Bg5 Bxf2+ 20. Kh1 Re6 21. Bxe6 dxe6 22. Bxe7 Kxe7 23. Rd7+ Ke8 24. Rad1 Bh4 25. Rxc7 1-0

[Event "NJSK 2026 Jeugd A"]
[Site "Helmond, Netherlands"]
[Date "2026.04.27"]
[Round "3.2"]
[White "Ten Dam, Bram"]
[Black "Krylov, Philippe"]
[Result "1-0"]
[TimeControl "90min/40moves + 30min + 30sec/move"]
[WhiteTitle "-"]
[BlackTitle "-"]
[WhiteFideId "40104877"]
[BlackFideId "1082930"]
[WhiteElo "2363"]
[BlackElo "2183"]

1. e4 c5 2. Nc3 Nc6 3. g3 Rb8 4. a4 g6 5. Bg2 Bg7 6. d3 d6 7. Be3 e6 8. Qd2 a6 9. Nge2 Nd4 10.
O-O Ne7 11. Nd1 Nec6 12. Nxd4 Nxd4 13. f4 O-O 14. Nf2 Bd7 15. Qd1 Nc6 16. c3 f5 17. Re1 Qc7 18. Rc1 b5 19. axb5 Rxb5 20.
d4 fxe4 21. d5 Na5 22. dxe6 Bxe6 23. Nxe4 Rd8 24. Ng5 Bf7 25. Bd5 Rd7 26. Nxf7 Rxf7 27. Bxf7+ Qxf7 28. Qxd6 Nb7 29. Qxa6 Rxb2 30.
Rb1 Bxc3 31. Rxb2 Bxb2 32. Rb1 Qe7 33. Bf2 Bd4 34. Qxb7 1-0

[Event "NJSK 2026 Jeugd A"]
[Site "Helmond, Netherlands"]
[Date "2026.04.27"]
[Round "3.3"]
[White "Terlouw, Wouter"]
[Black "Dinanath, Hrdya"]
[Result "1/2-1/2"]
[TimeControl "90min/40moves + 30min + 30sec/move"]
[WhiteTitle "-"]
[BlackTitle "-"]
[WhiteFideId "1087401"]
[BlackFideId "1087991"]
[WhiteElo "2272"]
[BlackElo "2107"]

1. d4 Nf6 2. c4 c5 3. d5 b5 4. f3 bxc4 5. e4 d6 6. Bxc4 g6 7. Ne2 Bg7 8. Nec3 h5 9. O-O O-O 10.
a4 a5 11. Na3 Na6 12. f4 Nb4 13. h3 e6 14. f5 exf5 15. Bg5 Qe8 16. Bb5 Qe5 17. Nc4 Qd4+ 18. Be3 Qxd1 19. Raxd1 Nxe4 20. Nxe4 fxe4 21. Nxd6 f5 22.
Nxc8 Raxc8 23. d6 Nc2 24. Bg5 Bd4+ 25. Kh1 Rcd8 26. Bxd8 Rxd8 27. Rd2 Ne3 28. Re1 Nd5 29. d7 Nb6 30.
Red1 e3 31. Rxd4 cxd4 32. Rxd4 Rxd7 33. Rxd7 Nxd7 34. g3 Nc5 35. Kg2 g5 36. Kf3 f4 37. gxf4 gxf4 38. Kxf4 e2 39. Bxe2 Nxa4 40.
b3 Nc5 41. Bc4+ Kg7 42. Kg5 Nxb3 1/2-1/2

[Event "NJSK 2026 Jeugd A"]
[Site "Helmond, Netherlands"]
[Date "2026.04.27"]
[Round "3.4"]
[White "Zhu, Chenwu"]
[Black "Ponomarev, Ivan"]
[Result "1-0"]
[TimeControl "90min/40moves + 30min + 30sec/move"]
[WhiteTitle "-"]
[BlackTitle "-"]
[WhiteFideId "1080687"]
[BlackFideId "34411003"]
[WhiteElo "2282"]
[BlackElo "1983"]

1. e4 c5 2. Nf3 d6 3.
d4 cxd4 4. Nxd4 Nf6 5. Nc3 g6 6.
Be3 Nc6 7. f3 h5 8. Qd2 Nxd4 9. Bxd4 Bh6 10. Be3 Bxe3 11. Qxe3 Be6 12. O-O-O Qa5 13. Rd4 a6 14. Be2 Rc8 15. a3 O-O 16. f4 Bg4 17. e5 dxe5 18. fxe5 Rxc3 19. Qxc3 Qxe5 20.
Bxg4 Nxg4 21. h3 Nf6 22. Re1 Qg5+ 23. Qd2 Qc5 24. b4 Qc7 25. Qf4 Qc3 26. Qe3 Qxe3+ 27. Rxe3 e6 28. Red3 Nd5 29. c4 Nb6 30. Kc2 Kg7 31.
Kb3 Rc8 32. a4 e5 33. Rd8 Rc6 34. c5 Nc8 35. Rc3 e4 36. b5 axb5 37. axb5 Rc7 38. c6 Nb6 39. Kb4 e3 40. Rxe3 bxc6 41.
Rc3 1-0